 Dungeon Crawl Stone Soup version 0.21-a0-94-gdd6ab6a (webtiles) character file.

382 Grim the Conjurer (level 6, -5/32 HPs)
             Began as a Deep Elf Conjurer on July 2, 2017.
             Slain by a mummy (13 damage)
             ... on level 4 of the Dungeon.
             The game lasted 00:13:40 (4174 turns).

Grim the Conjurer (Deep Elf Conjurer)               Turns: 4174, Time: 00:13:41

Health: -5/32      AC:  5    Str:  7    XL:     6   Next: 47%
Magic:  3/12       EV: 13    Int: 20    God:
Gold:   102        SH:  0    Dex: 15    Spells: 1/11 levels left

rFire    + . .     SeeInvis .   (no weapon)
rCold    . . .     Gourm    .   (no shield)
rNeg     . . .     Faith    .   a - +0 robe
rPois    .         Spirit   .   p - +1 helmet
rElec    .         Reflect  .   (no cloak)
rCorr    .         Harm     .   m - +0 pair of gloves
MR       .....                  (no boots)
Stlth    ++........             (no amulet)
HPRegen  0.10/turn              r - ring of protection from fire
MPRegen  0.13/turn              (no ring)

@: no status effects
A: no striking features
a: no special abilities


You were on level 4 of the Dungeon.
You were hungry.

You visited 1 branch of the dungeon, and saw 4 of its levels.
You also visited: Ossuary.

You collected 102 gold pieces.

Inventory:

Hand Weapons
 u - a +0 flail
Missiles
 l - 6 javelins of returning (quivered)
 v - 5 tomahawks
Armour
 a - a +0 robe (worn)
 m - a +0 pair of gloves (worn)
 p - a +1 helmet (worn)
Jewellery
 r - a ring of protection from fire (left hand)
Wands
 o - a wand of flame (9/48)
Scrolls
 f - a scroll of teleportation
 i - 2 scrolls of enchant weapon
 s - a scroll of blinking {unknown}
 t - a scroll of random uselessness {unknown}
 w - a scroll of fog {unknown}
Books
 b - a book of Conjurations

   Spells                             Type                      Level
   a - Magic Dart                     Conjuration                  1
   b - Searing Ray                    Conjuration                  2
   c - Dazzling Spray                 Conjuration/Hexes            3
   d - Fulminant Prism                Conjuration/Hexes            4
   e - Force Lance                    Conjuration/Translocation    4
   f - Iskenderun's Mystic Blast      Conjuration                  4
 e - a book of Necromancy

   Spells                             Type                      Level
   a - Pain                           Necromancy                   1
   b - Animate Skeleton               Necromancy                   1
   c - Vampiric Draining              Necromancy                   3
   d - Regeneration                   Charms/Necromancy            3
   e - Animate Dead                   Necromancy                   4
   f - Control Undead                 Necromancy                   4
Comestibles
 c - 3 bread rations
 d - 3 meat rations
 k - 2 fruits


   Skills:
 - Level 2.4 Dodging
 - Level 2.4 Stealth
 - Level 3.0 Spellcasting
 + Level 7.9 Conjurations
 + Level 3.8 Hexes


You had one spell level left.
You knew the following spells:

 Your Spells              Type           Power        Failure   Level  Hunger
a - Magic Dart            Conj           ####         1%          1    None
b - Searing Ray           Conj           ####..       1%          2    ##.....
c - Iskenderun's Mystic   Conj           ####....     5%          4    ####...
d - Dazzling Spray        Conj/Hex       ####..       3%          3    ###....


Dungeon Overview and Level Annotations

Branches:
Dungeon (4/15)
 Temple: D:4-7

Altars:
Dithmenos
Fedhas
Makhleb
Qazlal


Message History

There is a gate leading back out of this place here.
Casting: Searing Ray
Confirm with . or Enter, or press ? or * to list all spells.
Aiming: Searing Ray
Press: ? - help, Shift-Dir - straight line
Okay, then.
The centaur zombie hits you.
* * * LOW HITPOINT WARNING * * *
Welcome back to the Dungeon!
There is a collapsed entrance here.
Casting: Searing Ray
Confirm with . or Enter, or press ? or * to list all spells.
Aiming: Searing Ray
Press: ? - help, Shift-Dir - straight line, f - mummy
Aim: a mummy The searing ray hits the mummy.
The mummy is lightly damaged. (Press . to maintain the ray.)
The mummy hits you!
You die...

*,,,,+...,,#......####....*
*,,,.###'###......#..#....*
*,,,.....................,******
*,,,.........†###....##.,,**,,,,
*,,,..........#.#....#*,,,**,,,,
*,,,....[...###.###..+,,,,**,,,,
*,,,.######.#.....+).#,,,,******
**,,,,#....#.###M###.##*,,,**..,,
*,,,,,#........#@#....#######....
*,,,,,#........###....'.......>..
*,,,,,#...............#..........
*,,,..##########5.....##...##....
****..............†#..##...##....
*.......<.).....#.......##....
*...............'.............
****...............#.............
,,,,........h.######.......##....


You could see a mummy.

Vanquished Creatures
  A bullfrog zombie (Ossuary)
  An orc priest (D:3)
  Terence (D:2)
  Natasha (D:4)
  A worker ant (D:4)
  A killer bee zombie (Ossuary)
  5 mummies (Ossuary)
  Robin (D:2)
  A worker ant zombie (Ossuary)
  3 adders
  An adder skeleton (D:4)
  3 worms
  5 dart slugs
  3 leopard geckos (D:3)
  9 orcs
  3 giant cockroaches
  11 goblins
  10 hobgoblins
  3 jackals (D:2)
  6 kobolds
  2 quokkas (D:2)
  2 ball pythons (D:1)
  5 bats
  6 frilled lizards
  5 rats
90 creatures vanquished.

Vanquished Creatures (others)
  4 withered plants (Ossuary)
4 creatures vanquished.

Grand Total: 94 creatures vanquished

Notes
Turn   | Place    | Note
-------+----------+-------------------------------------------
     0 | D:1      | Grim the Deep Elf Conjurer began the quest for the Orb.
     0 | D:1      | Reached XP level 1. HP: 10/10 MP: 6/6
   366 | D:1      | Reached XP level 2. HP: 15/15 MP: 5/8
   435 | D:1      | Reached skill level 5 in Conjurations
   666 | D:1      | You fall through a shaft!
   904 | D:1      | Reached XP level 3. HP: 15/19 MP: 4/9
  1262 | D:1      | Learned a level 2 spell: Searing Ray
  1315 | D:2      | Found a stormy altar of Qazlal.
  1316 | D:2      | Found a blossoming altar of Fedhas.
  1482 | D:2      | Found a shadowy altar of Dithmenos.
  1483 | D:2      | Noticed Terence
  1547 | D:2      | Killed Terence
  1547 | D:2      | Reached skill level 6 in Conjurations
  1547 | D:2      | Reached XP level 4. HP: 24/24 MP: 4/10
  2289 | D:2      | Noticed Robin
  2296 | D:2      | Killed Robin
  2721 | D:3      | Learned a level 4 spell: Iskenderun's Mystic Blast
  2930 | D:3      | Reached XP level 5. HP: 28/28 MP: 6/11
  3011 | D:3      | Learned a level 3 spell: Dazzling Spray
  3030 | D:3      | Reached skill level 7 in Conjurations
  3304 | D:3      | Reached skill level 1 in Hexes
  3901 | D:4      | Found a burning altar of Makhleb.
  3982 | D:4      | Noticed an ogre
  3993 | D:4      | Noticed Natasha
  4008 | D:4      | Killed Natasha
  4017 | D:4      | Found a sand-covered staircase.
  4022 | Ossuary  | Entered an ossuary
  4051 | Ossuary  | Reached XP level 6. HP: 20/32 MP: 1/12
  4174 | D:4      | Slain by a mummy

Vault maps used:
D:1:      minmay_arrival_nine_rooms, serial_bayou_pond_c
D:2:      grunt_temple_overflow_forces_of_nature,
          nicolae_dithmenos_through_a_glass_darkly, uniq_terence, uniq_robin
D:3:      minmay_misc_feat_ornament
D:4:      bloody_makhleb, nicolae_ossuary_entry_plus, uniq_blork_the_orc,
          uniq_natasha, uniq_menkaure
Ossuary:  ossuary_zaba_flooded

Skill      XL: |  1  2  3  4  5 |
---------------+----------------+-----
Conjurations   | 5 6 7 |  7.9
Hexes          | 3 |  3.8
Dodging        | |  2.4
Stealth        | |  2.4
Spellcasting   | |  3.0

Action                   |  1- 3 |  4- 6 || total
-------------------------+-------+-------++-------
Melee: Unarmed           |       |    27 ||    27
Throw: Javelin           |       |     2 ||     2
 Cast: Magic Dart        |    59 |    97 ||   156
       Searing Ray       |     2 |     9 ||    11
       Iskenderun's Myst |       |     3 ||     3
Evoke: Wand              |       |     4 ||     4
  Use: Scroll            |       |     9 ||     9
       Potion            |       |     5 ||     5
  Eat: Chunk             |     1 |     9 ||    10
Armor: Robe              |     1 |     6 ||     7
       Skin              |       |    45 ||    45
Dodge: Dodged            |     6 |    25 ||    31
